 Dungeon Crawl Stone Soup version 0.27.1-3-gb3d3a73c9e (webtiles) character file.

Game seed: 3518440427037463048

231 Urokeeper the Sneak (level 5, -13/49 HPs)
             Began as a Deep Dwarf Brigand on Oct 12, 2021.
             Mangled by Duvessa (17 damage)
             ... on level 4 of the Dungeon.
             The game lasted 00:10:35 (2262 turns).

Urokeeper the Sneak (Deep Dwarf Brigand)            Turns: 2262, Time: 00:10:36

Health: -13/49     AC:  3    Str: 16    XL:     5   Next: 72%
Magic:  4/4        EV: 12    Int: 11    God:
Gold:   178        SH:  0    Dex: 14    Spells: 4/4 levels left

rFire    + . .     SeeInvis .   p - +5 whip
rCold    . . .     Faith    .   (no shield)
rNeg     . . .     Spirit   .   b - +0 robe
rPois    .         Reflect  .   (no helmet)
rElec    .         Harm     .   c - +0 cloak
rCorr    .         Rampage  .   (no gloves)
Will     .....                  (no boots)
Stlth    +++.......             (no amulet)
HPRegen  0.00/turn              f - ring of protection from fire
MPRegen  0.09/turn              (no ring)

@: no status effects
A: damage resistance, heal wounds, sense surroundings 1, no regeneration
a: Heal Wounds


You were on level 4 of the Dungeon.
You visited 1 branch of the dungeon, and saw 4 of its levels.

You collected 178 gold pieces.

Inventory:

Hand Weapons
 a - a +2 dagger
 p - a +5 whip (weapon)
 r - a +2 dagger of freezing
 t - a +0 short sword of protection
Missiles
 d - 45 poisoned darts (quivered)
 e - 2 curare-tipped darts
Armour
 b - a +0 robe (worn)
 c - a +0 cloak (worn)
Jewellery
 f - a ring of protection from fire (left hand)
Wands
 q - a wand of flame (19)
 s - a wand of digging (5)
Scrolls
 g - 2 scrolls of fog {unknown}
 h - a scroll of magic mapping {unknown}
 i - a scroll of identify {unknown}
 k - a scroll of blinking {unknown}
 m - a scroll of holy word {unknown}
 n - a scroll of summoning {unknown}
 o - 2 scrolls of teleportation {unknown}
 u - a scroll of amnesia {unknown}
 v - a scroll of noise {unknown}
 y - a scroll of immolation {unknown}
Potions
 j - a potion of heal wounds {unknown}
 l - a potion of mutation {unknown}
 w - 2 potions of curing {unknown}
 x - a potion of attraction {unknown}
 z - a potion of brilliance {unknown}


   Skills:
 + Level 3.0 Fighting
 + Level 3.0 Short Blades
 + Level 1.9 Throwing
 + Level 2.1 Dodging
 + Level 6.9 Stealth


You had 4 spell levels left.
You didn't know any spells.
Your spell library contained the following spells:

 Spells                   Type           Power      Damage    Failure   Level
 Summon Small Mammal      Summ           0%         N/A       34%         1
 Call Canine Familiar     Summ           0%         N/A       71%         3
 Ozocubu's Armour         Ice            0%         N/A       71%         3
 Summon Guardian Golem    Hex/Summ       0%         N/A       71%         3
 Summon Lightning Spire   Summ/Air       0%         N/A       98%         4
 Ozocubu's Refrigeration  Ice            0%         4d5       100%        7


Dungeon Overview and Level Annotations

Branches:
Dungeon (4/15)
 Temple: D:4-7

Altars:
Fedhas
Hepliaklqana
Zin

Shops:
D:1 *(=:   D:4 :

Annotations:
D:4 Duvessa


Innate Abilities, Weirdness & Mutations

You are resistant to damage.
You can heal yourself by infusing magical energy.
You passively map a small area around you.
You do not regenerate.


Message History

Dowan completely misses you.
Dowan hits you with a +1 antimagic dagger.
You barely miss Dowan.
Dowan is almost dead.
Dowan hits you with a +1 antimagic dagger.
You hit Dowan.
You kill Dowan!
You hear a distant scream of rage.
Your Fighting skill increases to level 3!
Your Short Blades skill increases to level 3!
Your Dodging skill increases to level 2!
Things that are here:
a +1 antimagic dagger; a +0 robe; the elf corpse of Dowan
Okay, then.
Magic restored.
As you open the door, it creaks loudly!
There is an open door here.
There is an open door here.
Duvessa goes berserk!
You closely miss Duvessa.
Duvessa hits you with a +3 rapier of holy wrath!
You barely miss Duvessa.
Duvessa hits you with a +3 rapier of holy wrath! x2
* * * LOW HITPOINT WARNING * * *
You feel much better.
Duvessa hits you with a +3 rapier of holy wrath.
Duvessa misses you.
There is an open door here.
Duvessa hits you with a +3 rapier of holy wrath!
Duvessa hits you with a +3 rapier of holy wrath!
* * * LOW HITPOINT WARNING * * *
You feel much better. Duvessa barely misses you. Duvessa closely misses you.
Duvessa hits you with a +3 rapier of holy wrath!
There is an open door, spattered with blood here.
Duvessa hits you with a +3 rapier of holy wrath!
Duvessa hits you with a +3 rapier of holy wrath!
* * * LOW HITPOINT WARNING * * *
Duvessa hits you with a +3 rapier of holy wrath!!
You die...

#.# #......# #.#
#......## #.#
#........, #.#
#.....###* * #.#
#.....# , #.#
#.....##
##)#######......# *
#...............# *
######..@.......#
#..e#'###+## *
#...#.....# ,
#...#.≈≈≈.# ,
#...#.....###* ,
#...'.._..'.#*,
#...#.....#.#
#...#.≈≈≈.#.# *
#...#.....#........


You could see Duvessa (berserk).

Vanquished Creatures
  A scorpion (D:4)
  Dowan (D:4)
  Ijyb (D:3)
  2 adders
  A worm (D:2)
  8 orcs
  7 ball pythons
  3 bats
  4 endoplasms
  5 giant cockroaches
  7 goblins
  A hobgoblin (D:1)
  4 jackals (D:1)
  7 kobolds
  2 quokkas
  2 frilled lizards (D:2)
  8 rats
64 creatures vanquished.

Notes
Turn   | Place    | Note
-------+----------+-------------------------------------------
     0 | D:1      | Urokeeper the Deep Dwarf Brigand began the quest for the
                  | Orb.
     0 | D:1      | Reached XP level 1. HP: 19/19 MP: 1/1
    60 | D:1      | Reached skill level 5 in Stealth
   148 | D:1      | Reached XP level 2. HP: 15/26 MP: 2/2
   208 | D:1      | Found Dufesepu's Weapon Boutique.
   225 | D:1      | Found Oruach's Assorted Antiques.
   368 | D:1      | Found Oniwk's Jewellery Shop.
   501 | D:1      | Found Naycyver's Book Boutique.
   737 | D:2      | Reached XP level 3. HP: 28/32 MP: 2/2
   926 | D:2      | Found a faded altar of an unknown god.
   984 | D:2      | Got Licomotorch's Tome of the Escort
  1152 | D:2      | You fall into a shaft and drop 1 floor!
  1277 | D:3      | Noticed Ijyb
  1283 | D:3      | Killed Ijyb
  1284 | D:3      | Reached skill level 6 in Stealth
  1284 | D:3      | Reached XP level 4. HP: 21/40 MP: 3/3
  1714 | D:3      | Found a large runed translucent door.
  1718 | D:3      | Found a large runed translucent door.
  1874 | D:3      | Found a hazy altar of Hepliaklqana.
  1878 | D:3      | Found a blossoming altar of Fedhas.
  1992 | D:4      | Noticed a scorpion
  2011 | D:4      | Killed a scorpion
  2012 | D:4      | Reached XP level 5. HP: 23/48 MP: 4/4
  2065 | D:4      | Found Ruiczibb's Book Emporium.
  2155 | D:4      | Found a glowing silver altar of Zin.
  2156 | D:4      | Noticed Duvessa
  2156 | D:4      | Noticed Dowan
  2181 | D:4      | Killed Dowan
  2262 | D:4      | Mangled by Duvessa

Illustrated notes

Levels and vault maps discovered:
D:1:      shiori_shiawase, layout_basic, serial_shops, shop, shop,
          nicolae_shop_overgrown_old_shop, shop, moated_statue, minivault_19
D:2:      layout_rooms, shapermc_ecumenical_altar_starsandcircs,
          grunt_ministairs_11
D:3:      layout_loops_ring, jmf_multi_god_temple2, uniq_ijyb
D:4:      layout_basic, mainiacjoe_overflow_six_doors_small,
          minmay_temple_entry_grid, serial_shops, shop, uniq_duvessa,
          uniq_menkaure

Skill      XL: |  1  2  3  4  5 |
---------------+----------------+-----
Stealth        | 5 6 |  6.9
Fighting       | 2 3 |  3.0
Short Blades   | 2 3 |  3.0
Dodging        | 2 |  2.1
Throwing       | |  1.9

Action                   |  1- 3 |  4- 6 || total
-------------------------+-------+-------++-------
Melee: Dagger            |   117 |    86 ||   203
       Whip              |       |    11 ||    11
Throw: Dart              |     2 |       ||     2
 Abil: Heal Wounds       |     2 |     5 ||     7
 Stab: Sleeping          |    10 |     2 ||    12
       Distracted        |       |     1 ||     1
Armor: Robe              |    22 |    10 ||    32
Dodge: Dodged            |    69 |    51 ||   120
